Map: Arctic Dream LE

Players

Massa - Winner!

  • Race: Terran Terran
  • League: Platinum
  • Spawn Location: 5:00

qqq - Winner!

  • Race: Zerg Zerg
  • Spawn Location: 6:00

lllllllll

  • Race: Terran Terran
  • Spawn Location: 12:00

Ziegenfried

  • Race: Zerg Zerg
  • Spawn Location: 11:00

VOD

Have the link to the VOD?

Description

Time

  • Played on: March 10, 2021, 6:16 a.m.
  • Length: 18:43
Show
View Real Time Build Order
Export as new Build Order

Massa Terran - Winner!

Build Orders:  

Get SALT Encoding   

  12  0:00  SCV  
  13  0:12  SCV  
  14  0:17  Supply Depot  
  14  0:25  SCV  
  15  0:39  SCV  
  15  0:41  Barracks  
  16  0:51  SCV  
  16  0:54  Refinery  
  17  1:03  SCV  
  18  1:15  SCV  
  19  1:29  Orbital Command  
  19  1:38  Reaper  
  20  1:44  Supply Depot  
  20  2:01  SCV  
  21  2:13  Command Center  
  21  2:18  Factory  
  21  2:23  Marine  
  21  2:24  SCV  
  21  2:28  Refinery  
  23  2:32  Engineering Bay  
  23  2:40  SCV  
  23  2:47  Barracks Reactor  
  23  2:53  SCV  
  24  3:01  Missile Turret  
  24  3:04  Missile Turret  
  24  3:05  SCV, Hellion  
  27  3:17  SCV  
  28  3:22  Starport  
  28  3:33  Hellion x2  
  32  3:35  Barracks Tech Lab  
  32  3:55  Hellion x2  
  34  4:04  Marine  
  35  4:16  Hellion x2  
  39  4:22  Marine  
  39  4:24  Starport Tech Lab, Terran Infantry Weapons Level 1  
  40  4:35  SCV, Barracks  
  40  4:37  Hellion  
  40  4:38  Hellion, Barracks  
  45  4:48  Supply Depot  
  45  4:51  Supply Depot  
  45  5:02  Marauder  
  45  5:10  Banshee  
  46  5:24  Barracks Reactor, Marauder  
  46  5:25  Barracks Tech Lab  
  46  5:26  Stimpack  
  48  5:31  Widow Mine x2  
  48  5:35  Cloaking Field  
  52  5:45  Marauder  
  54  5:53  Widow Mine x2  
  54  5:56  Orbital Command  
  58  5:57  Missile Turret  
  46  6:34  Widow Mine x2  
  46  6:41  Medivac  
  48  6:50  Marine x2  
  48  6:51  Marauder, Combat Shield  
  52  7:02  Barracks  
  52  7:05  Factory Tech Lab  
  52  7:08  Marine x2  
  53  7:13  Medivac  
  53  7:30  Marauder, Marine x2  
  53  7:31  Marauder  
  53  7:33  Cyclone  
  62  7:44  Supply Depot  
  62  7:45  Supply Depot  
  62  8:04  Terran Infantry Armor Level 1  
  62  8:05  Marine x4, Siege Tank  
  62  8:06  SCV x2, Marine x2  
  62  8:08  Armory  
  73  8:15  Supply Depot  
  73  8:16  Supply Depot  
  73  8:17  Supply Depot  
  73  8:18  SCV  
  73  8:19  SCV  
  75  8:21  Medivac  
  75  8:23  Marine  
  78  8:37  SCV, Marine x3  
  78  8:38  Siege Tank  
  86  8:47  Marine  
  86  8:48  Marauder  
  89  8:50  Marauder  
  89  8:54  Marine  
  89  9:12  Marauder  
  89  9:15  Cyclone  
  87  9:37  Marauder x2, Marine x4  
  95  9:40  Medivac  
  95  9:54  Marine  
  95  9:58  Marauder  
  93  10:01  Siege Tank  
  93  10:03  Marine x3  
  95  10:14  Marauder, Marine  
  95  10:19  Marauder  
  95  10:21  Marine x2  
  89  10:51  Marauder x2, Marine x4  
  89  10:56  Siege Tank  
  89  11:08  Marine  
  89  11:09  Marine  
  88  11:12  Marauder x2  
  83  11:33  Marauder  
  83  11:35  Marauder, Marine x4  
  73  11:49  Siege Tank  
  72  11:55  Marauder  
  72  11:56  Marauder  
  74  12:06  Marine x2  
  74  12:07  Marine x2  
  78  12:12  SCV x2  
  80  12:16  Marauder  
  80  12:17  Refinery x2  
  80  12:18  Marauder  
  80  12:19  Command Center  
  80  12:21  Siege Tank  
  87  12:24  SCV x2  
  89  12:36  SCV x2  
  91  12:40  Marauder x2, Marine x4  
  99  12:53  Siege Tank  
  102  13:06  Supply Depot  
  102  13:07  Supply Depot x3  
  102  13:10  Supply Depot  
  102  13:11  Supply Depot  
  102  13:20  Marine  
  102  13:23  Marine  
  102  13:25  Marauder  
  69  14:07  Medivac  
  60  14:20  Marauder x2, Marine  
  60  14:21  Marine x3  
  62  14:27  Orbital Command  
  62  14:29  SCV x2  
  62  14:37  Medivac  
  60  14:38  Marine x2  
  60  14:39  Siege Tank  
  60  14:41  SCV x2, Marauder, Marine x2  
  60  14:42  Marauder  
  73  14:51  Terran Vehicle And Ship Armor Level 1  
  73  14:52  Barracks, Terran Infantry Weapons Level 2  
  73  14:53  SCV x2  
  73  14:55  SCV, Barracks  
  73  14:56  Marine x2  
  73  14:59  Marine  
  79  15:00  Marine  
  79  15:03  Marauder x2  
  79  15:05  SCV x2  
  128  15:07  SCV, Medivac  
  86  15:12  Siege Tank  
  87  15:24  Marauder x2  
  87  15:27  SCV x3  
  94  15:30  Refinery x2  
  94  15:37  Missile Turret, Medivac  
  94  15:39  SCV x2, Missile Turret  
  94  15:42  Missile Turret  
  98  15:43  Command Center  
  98  15:44  Siege Tank  
  98  15:45  Marauder  
  103  15:59  Marauder, Marine  
  106  16:07  Marauder, Supply Depot x2  
  106  16:08  Missile Turret x2, Supply Depot  
  106  16:10  Supply Depot  
  108  16:16  Raven  
  110  16:21  Marauder  
  86  16:39  Marauder, Marine x2  
  86  16:40  Marine x2  
  86  16:42  Marauder  
  86  16:43  Barracks Reactor, Barracks Tech Lab  
  86  16:44  Corvid Reactor  
  91  16:57  Marine x3  
  91  16:58  Siege Tank  
  91  17:00  Marauder  
  98  17:02  Raven  
  98  17:03  Marauder  
  98  17:07  Marauder  
  98  17:08  Marine  
  105  17:15  Orbital Command  
  105  17:17  SCV  
  105  17:22  Marauder  
  108  17:25  Marauder  
  110  17:30  Siege Tank  
  110  17:32  Marauder, Marine  
  110  17:33  Marine  
  117  17:43  Marauder  
  119  17:46  Marauder  
  121  17:53  Marauder  
  121  17:56  Raven  
  121  17:57  Marine x2  
  121  17:58  Marine x4  
  130  18:02  Siege Tank  
  130  18:05  Marauder  
  136  18:07  Marauder  
  138  18:15  Marauder, Marine x2  
Show
View Real Time Build Order
Export as new Build Order

qqq Zerg - Winner!

Build Orders: Hatch First 

Get SALT Encoding   

  12  0:02  Drone  
  13  0:10  Drone  
  14  0:19  Overlord  
  14  0:45  Hatchery  
  14  0:50  Drone  
  14  0:57  Extractor  
  14  0:58  Drone  
  14  1:15  Spawning Pool  
  13  1:30  Drone, Overlord  
  13  1:31  Drone  
  15  1:42  Drone  
  16  1:57  Drone  
  16  1:58  Drone  
  18  2:03  Queen  
  20  2:11  Queen  
  22  2:20  Drone  
  23  2:29  Roach Warren  
  22  2:31  Drone  
  22  2:34  Zergling x2  
  24  2:38  Zergling x2  
  24  2:43  Drone  
  26  2:47  Drone  
  27  3:01  Lair  
  27  3:03  Metabolic Boost  
  27  3:06  Drone  
  27  3:11  Drone  
  29  3:15  Zergling x2  
  29  3:16  Zergling x2  
  29  3:19  Zergling x2  
  32  3:23  Zergling x2  
  32  3:24  Zergling x2  
  34  3:29  Roach  
  32  3:48  Drone, Roach  
  33  4:02  Roach x3  
  28  4:17  Roach  
  28  4:18  Drone, Roach  
  28  4:23  Drone  
  34  4:27  Drone  
  34  4:29  Drone  
  36  4:38  Overlord  
  36  4:47  Overlord  
  36  4:56  Extractor  
  36  4:57  Drone x4  
  43  5:07  Roach x2  
  43  5:11  Roach  
  45  5:15  Roach  
  47  5:26  Drone x2  
  47  5:28  Roach  
  51  5:29  Drone  
  52  5:42  Overlord x2  
  47  6:01  Spore Crawler  
  47  6:02  Spore Crawler  
  42  6:04  Spore Crawler  
  41  6:16  Spire  
  35  6:48  Drone  
  36  7:02  Drone  
  36  7:03  Drone  
  36  7:13  Drone x2  
  36  7:14  Drone  
  31  7:26  Drone  
  31  7:27  Drone x2  
  24  7:32  Spore Crawler  
  23  7:40  Corruptor  
  25  7:46  Drone x2  
  27  7:51  Drone  
  27  7:52  Drone  
  27  7:54  Drone  
  27  7:57  Drone  
  31  8:00  Drone  
  32  8:11  Corruptor  
  34  8:12  Extractor  
  34  8:15  Zerg Flyer Armor Level 1  
  34  8:18  Drone  
  34  8:19  Drone  
  35  8:21  Drone  
  36  8:29  Queen  
  38  8:35  Queen  
  40  8:49  Drone x2  
  40  8:53  Drone  
  40  8:54  Drone x3  
  46  9:00  Corruptor  
  48  9:04  Corruptor  
  50  9:13  Corruptor  
  52  9:17  Corruptor  
  54  9:31  Corruptor  
  56  9:43  Corruptor  
  56  9:45  Roach  
  58  9:47  Zergling x4  
  60  9:59  Overlord  
  60  10:01  Drone  
  60  10:03  Hatchery  
  60  10:17  Mutalisk x2  
  60  10:19  Zergling x2  
  60  10:20  Drone x2  
  67  10:23  Extractor  
  67  10:27  Baneling Nest  
  67  10:28  Zerg Flyer Weapons Level 1  
  65  10:40  Mutalisk  
  65  10:43  Zergling x8  
  65  10:44  Drone x3  
  72  10:53  Drone x2  
  74  11:05  Corruptor  
  76  11:12  Overlord x5  
  76  11:13  Overlord x2  
  74  11:31  Mutalisk  
  74  11:32  Mutalisk x3  
  82  11:45  Hatchery  
  74  12:05  Overseer  
  74  12:06  Overseer  
  74  12:10  Drone  
  74  12:11  Drone x6, Infestation Pit, Overlord  
  74  12:12  Drone x4  
  74  12:13  Drone x5  
  74  12:14  Pneumatized Carapace  
  89  12:19  Centrifical Hooks  
  89  12:23  Zergling x4  
  89  12:24  Zergling x2  
  89  12:27  Queen  
  94  12:30  Extractor  
  94  12:31  Extractor  
  94  12:37  Zergling x6  
  95  12:54  Hive  
  95  12:57  Baneling  
  95  12:58  Baneling x11  
  95  13:02  Roach x2  
  95  13:03  Roach x2  
  95  13:04  Zergling x4, Roach  
  95  13:05  Drone  
  109  13:12  Drone  
  109  13:13  Drone, Overlord x2  
  110  13:22  Zergling x4  
  110  13:23  Zergling x2, Roach x2  
  94  14:17  Corruptor x2  
  94  14:18  Corruptor x2  
  97  14:25  Drone x2  
  97  14:26  Drone x2  
  97  14:27  Spine Crawler  
  97  14:30  Greater Spire, Corruptor x3  
  106  14:31  Roach  
  106  14:32  Zergling x2, Roach x3  
  106  14:35  Baneling x2  
  106  14:37  Zergling x2  
  106  14:38  Zergling x2  
  117  14:59  Baneling x5  
  117  15:00  Baneling  
  117  15:02  Zergling x6  
  117  15:03  Zergling x2, Roach x5  
  131  15:07  Roach  
  131  15:12  Roach x5  
  131  15:13  Roach x3  
  143  15:22  Spine Crawler x2  
  143  15:23  Spore Crawler  
  140  15:29  Baneling  
  140  15:30  Baneling x7  
  140  15:35  Drone  
  140  15:36  Drone x4  
  140  15:37  Corruptor  
  140  15:41  Brood Lord x3  
  140  15:42  Brood Lord  
  155  15:45  Brood Lord  
  155  15:47  Drone x3  
  155  15:48  Overlord x2  
  160  15:51  Extractor  
  160  15:53  Extractor  
  158  15:57  Zerg Flyer Weapons Level 2  
  158  16:05  Corruptor  
  158  16:10  Zergling x6  
  158  16:11  Drone x2, Zergling x6  
  166  16:12  Zergling x2  
  168  16:29  Corruptor  
  168  16:30  Corruptor x3  
  170  16:44  Corruptor x2  
  158  17:09  Brood Lord x2  
  158  17:10  Brood Lord  
  164  17:28  Brood Lord x2  
  151  17:47  Brood Lord x2  
  144  18:03  Corruptor x2  
  144  18:04  Zergling x6  
  144  18:05  Drone x2, Zergling x10  
  152  18:06  Zergling x12  
Show
View Real Time Build Order
Export as new Build Order

lllllllll Terran 

Build Orders:  

Get SALT Encoding   

  12  0:00  SCV  
  13  0:12  SCV  
  14  0:17  Supply Depot  
  14  0:24  SCV  
  15  0:36  Refinery  
  15  0:41  Barracks  
  15  0:44  SCV  
  16  0:51  Refinery  
  16  0:56  SCV  
  17  1:08  SCV  
  18  1:21  SCV  
  19  1:32  Supply Depot  
  19  1:40  Barracks Reactor, Factory  
  19  1:48  Orbital Command  
  19  2:15  SCV  
  20  2:27  SCV  
  21  2:38  Hellion x2  
  21  2:39  SCV  
  26  2:52  Starport  
  26  2:55  SCV  
  26  3:05  Hellion x2  
  30  3:07  SCV  
  31  3:18  Command Center  
  31  3:38  Starport Tech Lab  
  31  3:39  Fusion Core  
  31  3:45  Supply Depot  
  31  4:07  SCV  
  24  4:27  Hellion x2, Engineering Bay  
  28  4:31  Battlecruiser  
  28  4:35  Weapon Refit  
  34  4:43  Orbital Command  
  34  5:09  Hellion x2  
  34  5:14  Missile Turret  
  38  5:17  SCV x2  
  40  5:35  Factory, Missile Turret  
  40  5:36  Missile Turret, Supply Depot  
  40  5:37  Factory  
  38  5:56  Battlecruiser  
  42  6:43  SCV  
  42  6:44  SCV  
  44  6:53  Refinery  
  44  6:54  Refinery  
  44  6:55  SCV  
  44  6:56  SCV  
  46  7:08  SCV x2  
  48  7:15  Widow Mine x2  
  52  7:20  SCV x2  
  54  7:30  Factory Tech Lab x2  
  54  7:32  SCV x2  
  54  7:35  Missile Turret  
  56  7:38  Missile Turret  
  56  7:42  Missile Turret  
  56  7:44  SCV x2  
  56  7:48  Supply Depot  
  56  7:49  Supply Depot  
  56  7:50  Supply Depot  
  58  7:53  Supply Depot  
  58  7:55  Supply Depot  
  58  7:56  SCV x2  
  60  8:08  SCV x2  
  60  8:09  Siege Tank x2  
  68  8:15  Missile Turret  
  68  8:18  Missile Turret  
  68  8:19  Missile Turret  
  68  8:20  SCV x2  
  70  8:36  Armory  
  70  8:39  Armory  
  70  8:40  Hellion x2  
  74  8:41  Cyclone x2  
  80  9:16  Command Center  
  60  9:57  Siege Tank x2  
  60  9:58  Hellbat x2  
  54  10:10  Command Center  
  54  10:15  Banshee  
  54  10:17  Cloaking Field  
  56  10:40  Siege Tank x2  
  54  11:08  Terran Vehicle And Ship Armor Level 1  
  54  11:09  Terran Vehicle Weapons Level 1  
  45  11:42  Battlecruiser  
  45  11:43  Thor x2  
  57  12:20  Engineering Bay  
  57  12:29  Barracks  
  57  12:30  Starport  
  57  12:31  Thor x2  
  75  12:58  Battlecruiser  
  75  13:14  Thor  
  75  13:16  Command Center  
  75  13:19  Supply Depot  
  81  13:22  Command Center  
  81  13:23  Supply Depot  
  75  13:27  Supply Depot  
  60  13:44  Siege Tank  
  51  13:57  Siege Tank  
  58  14:03  Battlecruiser  
  58  14:37  Factory  
  58  14:38  Factory  
  58  14:39  Factory  
  58  14:42  Factory  
  58  14:53  Siege Tank  
  58  14:54  Siege Tank  
  64  15:01  Planetary Fortress  
  64  15:06  Missile Turret  
  70  15:07  Battlecruiser  
  70  15:10  SCV x2  
  70  15:14  Command Center  
  72  15:19  Orbital Command  
  72  15:22  SCV  
  72  15:23  SCV  
  72  15:26  Siege Tank  
  72  15:27  Refinery, Factory Reactor  
  77  15:28  Factory Reactor  
  77  15:29  Factory Tech Lab x2  
  77  15:33  Refinery  
  77  15:35  SCV  
  78  15:44  Siege Tank  
  81  15:53  Missile Turret  
  81  15:56  Terran Vehicle And Ship Armor Level 2, Missile Turret  
  81  15:59  Hellbat x3  
  74  16:43  Thor  
  74  16:46  Thor  
  63  17:12  Orbital Command  
  63  17:15  Thor  
  54  17:48  Widow Mine x2  
  63  17:59  Hellbat  
  49  18:10  Hellbat  
Show
View Real Time Build Order
Export as new Build Order

Ziegenfried Zerg 

Build Orders: Pool First 

Get SALT Encoding   

  12  0:01  Drone  
  13  0:08  Drone  
  14  0:16  Overlord  
  14  0:24  Extractor, Drone  
  14  0:38  Drone x2  
  16  0:47  Drone  
  17  0:55  Drone, Spawning Pool  
  17  1:23  Hatchery  
  16  1:29  Drone  
  16  1:30  Drone  
  18  1:45  Queen  
  20  1:48  Metabolic Boost  
  20  1:56  Zergling x4  
  22  2:01  Overlord  
  22  2:17  Overlord  
  22  2:20  Queen  
  24  2:30  Zergling x4  
  26  2:42  Zergling x2  
  27  2:50  Zergling x2  
  28  2:56  Zergling x2  
  28  2:57  Zergling x4  
  31  3:07  Zergling x2  
  32  3:16  Zergling x2  
  33  3:23  Evolution Chamber  
  32  3:27  Roach Warren  
  24  3:57  Zergling x8  
  24  4:10  Drone  
  25  4:17  Roach x2  
  25  4:18  Roach x5  
  39  4:28  Lair  
  39  4:33  Extractor  
  38  4:40  Drone x2  
  38  4:41  Drone x2  
  38  5:11  Drone x3  
  38  5:12  Drone x3  
  44  5:14  Zerg Missile Weapons Level 1  
  44  5:34  Overlord x2  
  44  5:46  Spine Crawler  
  44  5:48  Roach  
  44  5:49  Overlord x3  
  41  5:55  Spine Crawler  
  34  5:57  Spine Crawler  
  34  5:59  Spine Crawler  
  34  6:01  Drone x3  
  34  6:02  Drone  
  22  6:30  Drone  
  22  6:31  Drone x3  
  22  6:32  Drone  
  22  6:41  Drone  
  23  6:50  Drone x2  
  25  6:56  Drone  
  25  6:57  Drone x3  
  27  7:07  Roach  
  30  7:15  Drone x2  
  31  7:39  Drone x3  
  31  7:40  Drone x2  
  36  7:45  Drone x2  
  38  8:00  Drone x4  
  38  8:01  Drone  
  38  8:03  Drone x2  
  45  8:19  Drone x5  
  50  8:23  Hatchery  
  49  8:30  Extractor  
  49  8:32  Extractor  
  47  8:34  Drone  
  47  8:35  Hydralisk Den  
  47  8:41  Zerg Ground Armor Level 1  
  47  8:48  Drone x4  
  49  8:49  Drone x5  
  56  9:05  Muscular Augments  
  56  9:10  Hydralisk x2  
  56  9:11  Hydralisk  
  62  9:21  Baneling Nest  
  61  9:31  Zergling x2  
  61  9:32  Zergling x12  
  68  9:50  Hydralisk x4, Overlord x2  
  68  9:51  Hydralisk  
  78  10:04  Hydralisk  
  78  10:06  Roach x2  
  75  10:18  Zergling x10  
  75  10:19  Zergling x4  
  74  10:24  Centrifical Hooks  
  74  10:35  Zerg Melee Weapons Level 1  
  68  10:44  Hydralisk  
  68  10:45  Hydralisk x6  
  71  10:53  Hydralisk x2  
  71  11:03  Grooved Spines  
  68  11:13  Zergling x12  
  67  11:50  Hydralisk x3  
  67  11:51  Hydralisk x3  
  64  12:02  Drone  
  63  12:15  Hatchery, Zergling x2  
  63  12:16  Zergling x4  
  63  12:17  Hatchery  
  64  12:29  Zerg Missile Weapons Level 2  
  64  12:31  Infestation Pit  
  63  12:38  Hydralisk x4  
  71  12:50  Hydralisk x4  
  79  13:04  Baneling x2  
  79  13:05  Baneling x4  
  79  13:08  Hydralisk  
  55  13:39  Hydralisk x2  
  55  13:40  Hydralisk x5  
  63  13:42  Zergling x14  
  50  14:04  Hydralisk x4  
  50  14:05  Hydralisk x2  
  55  14:26  Hatchery  
  52  14:46  Hydralisk x3  
  52  14:47  Hydralisk x3  
  62  14:59  Hatchery  
  61  15:04  Drone x3  
  61  15:05  Drone x3  
  67  15:21  Hydralisk x4  
  44  15:28  Drone x2  
  54  15:45  Drone  
  54  15:46  Drone x4  
  59  15:54  Drone x2  
  59  15:56  Drone  
  62  16:07  Zergling x8  
  62  16:11  Zergling x2  
  67  16:23  Zergling x4  
  67  16:24  Zergling x8  
  73  16:29  Baneling x2  
  73  16:30  Baneling x5  
  56  16:59  Hydralisk x3  
  56  17:00  Hydralisk x5  
  58  17:03  Hydralisk  
  58  17:07  Hydralisk  
  62  17:30  Lair  
  62  17:36  Extractor  
  47  17:46  Hydralisk x2  
  47  17:47  Hydralisk x6  
  57  17:51  Hydralisk  
  59  18:00  Hydralisk x2  
Tags
 
Add a new tag
Caveats
  • Supply blocks, unpowered buildings, or Contaminate may cause inaccurate times.
  • Supply counts are checked every 10 seconds.